 Dungeon Crawl Stone Soup version 0.29-a0-830-gcb1280458a (webtiles) character file.

Game seed: 15074520458210005298

44 lesaewzxc the Ruffian (level 3, -1/29 HPs)
             Began as a Demigod Transmuter on July 10, 2022.
             Slain by an ufetubus (2 damage)
             ... on level 3 of the Dungeon on July 11, 2022.
             The game lasted 00:09:03 (1198 turns).

lesaewzxc the Ruffian (Demigod Transmuter)          Turns: 1198, Time: 00:09:04

Health: -1/29      AC:  2    Str: 15    XL:     3   Next: 23%
Magic:  8/8        EV: 12    Int: 15    God:
Gold:   99         SH:  0    Dex: 14    Spells: 5/6 levels left

rFire   + + .      SeeInvis .     - Unarmed
rCold   x x .      Faith    .   (no shield)
rNeg    . . .      Spirit   .   a - +0 robe
rPois   .          Reflect  .   (no helmet)
rElec   .          Harm     .   (no cloak)
rCorr   .          Rampage  .   (no gloves)
Will    .....                   (no boots)
Stlth   +.........              (no amulet)
HPRegen 0.09/turn               c - ring of fire
MPRegen 0.11/turn               f - ring of fire

@: no status effects
A: high MP 1, forlorn, divine attributes
a: no special abilities


You were on level 3 of the Dungeon.
You visited 1 branch of the dungeon, and saw 3 of its levels.

You collected 99 gold pieces.

Inventory:

Armour
 a - a +0 robe (worn)
Jewellery
 c - a ring of fire (left hand)
 f - a ring of fire (right hand)
Scrolls
 e - 2 scrolls of blinking
 g - a scroll of fear {unknown}
Potions
 b - a potion of lignification
 d - a potion of curing {unknown}


   Skills:
 * Level 1.7 Fighting
 * Level 2.3 Dodging
 + Level 2.9 Unarmed Combat
 + Level 2.0 Spellcasting
 + Level 0.3 Hexes
 + Level 2.0 Transmutations
 + Level 0.4 Ice Magic


You had 5 spell levels left.
You knew the following spells:

 Your Spells              Type           Power      Damage    Failure   Level
a - Beastly Appendage     Tmut           14%        N/A       10%         1

Your spell library contained the following spells:

 Spells                   Type           Power      Damage    Failure   Level
 Wereblood                Tmut           7%         N/A       14%         2
 Spider Form              Tmut/Pois      4%         N/A       41%         3
 Confusing Touch          Hex            2%         N/A       50%         3
 Ozocubu's Armour         Ice            2%         N/A       50%         3
 Ice Form                 Ice/Tmut       5%         N/A       80%         4
 Yara's Violent Unravell  Hex/Tmut       2%         3d3       98%         5
 Enfeeble                 Hex            1%         N/A       100%        7
 Ozocubu's Refrigeration  Ice            1%         4d5       100%        7


Dungeon Overview and Level Annotations

Branches:
Dungeon (3/15)


Innate Abilities, Weirdness & Mutations

You have an increased reservoir of magic. (+10% MP)
You shall have no god before yourself.
Your divine heritage dramatically boosts your attributes as you level up.


Message History

You closely miss the giant cockroach. Your kick misses the giant cockroach.
The giant cockroach bites you but does no damage.
You hit the giant cockroach.
You kill the giant cockroach!
Found a ring of fire.
You see here a giant cockroach corpse.
Okay, then.
Your horns disappear.
Your talons disappear.
You now have 99 gold pieces (gained 10).
f - a ring of fire You feel more attuned to fire.
f - a ring of fire (right hand)
There is a faded altar of an unknown god here.
A being of your status worships no god. A being of your status worships no god.
A being of your status worships no god.
An ufetubus and a dart slug come into view.
The ufetubus shouts!
The dart slug launches a dart at you. The slug dart hits you.
Found a mace.
The ufetubus hits you. x2
You barely miss the ufetubus. The ufetubus closely misses you.
The ufetubus hits you. The dart slug launches a dart at you.
The slug dart hits you.
You hit the ufetubus but do no damage.
You punch the ufetubus, but do no damage.
The ufetubus hits you. The ufetubus barely misses you.
The ufetubus misses you. x2
The dart slug launches a dart at you. The slug dart hits you.
* * * LOW HITPOINT WARNING * * *
You hit the ufetubus but do no damage. The ufetubus hits you.
* * * LOW HITPOINT WARNING * * *
The ufetubus hits you.
* * * LOW HITPOINT WARNING * * *
The ufetubus attacks as you move away! The ufetubus barely misses you. x3
The ufetubus closely misses you. The ufetubus attacks as you move away!
The ufetubus barely misses you. The ufetubus hits you.
You die...

#.### ## #.... .# #
#...). .# # #.#...
.##.###.## .......
.........
...w..###........
#.#....5# #.#..##@## ###
##.#..##..# #.#
#8.8......# #.#
#÷....8#.## ##.#..
#......#.# .....
#.....8#.# # #.#.#
#......#.####.####.##.#.#
#.....8††................
#......#.####.####.##.#.#


You could see a dart slug and an ufetubus.

Vanquished Creatures
  An adder (D:3)
  2 dart slugs
  4 ball pythons
  A bat (D:3)
  3 endoplasms
  3 giant cockroaches (D:3)
  5 hobgoblins
  A quokka (D:2)
  2 frilled lizards (D:1)
  4 goblins (D:1)
  A rat (D:1)
27 creatures vanquished.

Notes
Turn   | Place    | Note
-------+----------+-------------------------------------------
     0 | D:1      | lesaewzxc the Demigod Transmuter began the quest for the
                  | Orb.
     0 | D:1      | Reached XP level 1. HP: 15/15 MP: 5/5
    37 | D:1      | Reached skill level 1 in Fighting
   345 | D:1      | Reached XP level 2. HP: 7/23 MP: 5/7
   785 | D:2      | Upgraded the game from 0.29-a0-824-gd827844252 to
                  | 0.29-a0-830-gcb1280458a
  1061 | D:3      | Reached XP level 3. HP: 20/29 MP: 6/8
  1196 | D:3      | HP: 1/29 [ufetubus (1)]
  1198 | D:3      | Slain by an ufetubus

Illustrated notes

Levels and vault maps discovered:
D:1:      psy_arrival_statuary, layout_basic
D:2:      layout_loops_ring
D:3:      layout_basic, dk_yredelemnul_ordeal,
          shapermc_ecumenical_altar_pompeii, serial_corexii_hall,
          corexii_hall_statues_i, corexii_hall_statues_x,
          chequers_hall_statues_wall_a

Skill      XL: |  1  2 |
---------------+-------+-----
Fighting       | 1 |  1.7
Dodging        | 2 |  2.3
Transmutations | 2 |  2.0
Spellcasting   | 2 |  2.0
Unarmed Combat | |  2.9
Hexes          | |  0.3
Ice Magic      | |  0.4

Action                   || total
-------------------------++-------
Melee: Unarmed           ||    81
       Kick              ||    12
       Headbutt          ||     6
       Punch             ||     3
 Cast: Beastly Appendage ||     9
  Use: Scroll            ||     2
       Potion            ||     2
 Stab: Sleeping          ||     2
Armor: Robe              ||    16
Dodge: Dodged            ||    52

Table legend: (Time is in decaauts)
 A = Elapsed time spent in this place.
 B = Non-inter-level travel time spent in this place.
 C = Inter-level travel time spent in this place.
 D = Time resting spent in this place.
 E = Time spent auto-exploring this place.
 F = Levels seen in this place.
 G = Mean time per level.
                   A        B        C        D        E       F      G
               +--------+--------+--------+--------+--------+-----+--------+
         Total |   1192 |   1131 |     61 |      0 |    271 |   3 |  397.3 |
       Dungeon |   1192 |   1131 |     61 |      0 |    271 |   3 |  397.3 |
               +--------+--------+--------+--------+--------+-----+--------+

Top non-repeatable levels by time:
     D:1: 691 daAuts
     D:3: 395 daAuts
     D:2: 104 daAuts
